Map: Eternal Empire LE

Players

ExpecT

  • Race: Terran Terran
  • Spawn Location: 7:00

Nice - Winner!

  • Race: Protoss Protoss
  • Spawn Location: 1:00

Event: DreamHack SC2 Masters 2020 Summer TwHkMoJp

VOD

Have the link to the VOD?

Description

Time

  • Played on: June 28, 2020, 8:03 a.m.
  • Length: 23:09

All games in this series

Show
View Real Time Build Order
Export as new Build Order

ExpecT Terran 

Build Orders: Reaper Expand 

Get SALT Encoding   

  12  0:00  SCV  
  13  0:12  SCV  
  14  0:17  Supply Depot  
  14  0:25  SCV  
  15  0:38  SCV  
  15  0:40  Barracks  
  16  0:44  Refinery  
  16  0:51  SCV  
  17  1:03  SCV  
  18  1:15  SCV  
  19  1:27  Orbital Command  
  19  1:28  Reaper  
  20  1:40  Command Center  
  20  1:53  SCV  
  21  1:54  Supply Depot  
  21  2:00  Marine  
  22  2:05  Factory  
  22  2:10  SCV  
  23  2:21  Bunker  
  23  2:22  Barracks Reactor, SCV  
  24  2:27  Refinery  
  24  2:34  SCV  
  25  2:46  SCV  
  26  2:56  Orbital Command  
  25  2:58  Starport, SCV  
  25  2:59  Marine  
  25  3:00  Marine  
  25  3:04  Widow Mine  
  30  3:10  SCV  
  30  3:11  Barracks  
  31  3:18  Marine x2  
  33  3:22  SCV  
  33  3:25  Widow Mine, SCV  
  36  3:35  SCV  
  36  3:36  Marine x2  
  36  3:40  Viking  
  39  3:46  SCV  
  39  3:47  Widow Mine  
  42  3:55  SCV  
  42  3:56  Supply Depot  
  42  3:58  Marine, SCV  
  42  3:59  Marine  
  42  4:01  Barracks Tech Lab  
  46  4:18  Widow Mine, SCV x2  
  46  4:21  Marine  
  46  4:22  Marine  
  51  4:26  Supply Depot x2  
  51  4:28  Stimpack  
  51  4:30  Marauder  
  53  4:33  SCV  
  53  4:35  Starport Reactor  
  54  4:47  Marine x2  
  54  4:48  SCV x2  
  55  4:56  Marauder  
  55  4:59  Factory Tech Lab  
  57  5:00  SCV  
  57  5:01  SCV  
  57  5:02  Barracks  
  57  5:04  Supply Depot  
  57  5:05  Marine x2  
  61  5:12  SCV  
  61  5:13  Engineering Bay, Medivac x2  
  64  5:16  SCV  
  65  5:24  SCV  
  66  5:28  SCV  
  66  5:35  Marauder, Marine x2  
  69  5:36  Widow Mine  
  69  5:38  SCV  
  69  5:40  Supply Depot x2, SCV  
  69  5:41  Terran Infantry Weapons Level 1  
  73  5:50  SCV  
  73  5:52  SCV  
  73  5:54  Marine  
  73  5:55  Marine  
  77  6:00  Supply Depot  
  77  6:02  Marauder, SCV  
  80  6:04  SCV  
  80  6:07  Combat Shield, Marauder  
  83  6:12  Marine  
  83  6:13  Marine  
  83  6:16  Supply Depot  
  85  6:23  Medivac  
  87  6:27  Marauder, Command Center  
  87  6:28  Marine  
  87  6:31  Medivac  
  92  6:35  SCV x2  
  94  6:43  Barracks  
  94  6:44  Barracks  
  94  6:46  Factory Reactor  
  94  6:47  SCV x2  
  94  6:53  Marauder  
  94  6:54  Supply Depot  
  98  6:56  Supply Depot  
  83  7:09  SCV x2  
  83  7:17  Marine x2  
  83  7:18  Marauder  
  83  7:21  SCV x2  
  83  7:22  Refinery x2  
  80  7:25  Marauder  
  80  7:26  Widow Mine x2  
  86  7:34  Barracks Reactor  
  86  7:35  Marine, Barracks Tech Lab  
  86  7:36  Marine  
  88  7:38  SCV x2  
  88  7:39  Marauder  
  88  7:40  Terran Infantry Armor Level 1  
  92  7:44  Missile Turret  
  92  7:46  Marine, Missile Turret  
  92  7:47  Missile Turret  
  93  7:52  Widow Mine x2  
  93  7:53  SCV x2, Missile Turret  
  95  8:02  Marine x2  
  95  8:03  Marauder x2  
  95  8:05  SCV x2  
  97  8:08  Orbital Command  
  96  8:14  Medivac  
  96  8:15  Medivac  
  96  8:17  SCV x2  
  101  8:28  Marauder x3, Marine x4  
  101  8:29  SCV  
  101  8:30  SCV  
  101  8:34  SCV  
  107  8:41  SCV  
  107  8:42  SCV  
  107  8:44  Ghost Academy  
  107  8:46  SCV  
  110  8:50  Medivac x2  
  110  8:54  SCV x2  
  116  8:57  Marauder  
  116  8:58  Marauder, SCV  
  116  8:59  Marine x2  
  123  9:06  SCV x2  
  123  9:08  Refinery  
  123  9:09  Refinery  
  125  9:11  Ghost Academy  
  125  9:13  Supply Depot  
  125  9:14  Engineering Bay  
  125  9:21  Marine x2, Armory  
  125  9:22  Marauder x3, Marine x2  
  119  9:45  Ghost x3  
  115  9:47  Marine x4  
  117  9:56  Command Center  
  115  10:03  Medivac x2  
  119  10:12  Barracks  
  119  10:14  Marine, Barracks x2  
  119  10:15  Marine x3  
  119  10:16  Marine x3  
  122  10:32  Marine  
  122  10:33  Ghost x2  
  122  10:34  SCV  
  122  10:35  SCV x2  
  126  10:36  Marine x4  
  126  10:37  Terran Infantry Weapons Level 2  
  126  10:41  Terran Infantry Armor Level 2  
  130  10:52  Marine  
  130  10:53  Marine  
  130  10:54  Marauder, Marine x2  
  136  11:01  Missile Turret x2  
  136  11:02  Marauder  
  136  11:03  Marauder  
  140  11:07  Medivac x2  
  140  11:09  Barracks Tech Lab x2  
  144  11:13  SCV x3  
  144  11:17  Sensor Tower  
  147  11:19  Marauder, Marine x3  
  147  11:20  Marine x2  
  147  11:21  Marine  
  147  11:24  Marauder x2  
  147  11:25  SCV x3  
  159  11:27  Concussive Shells  
  160  11:35  Enhanced Shockwaves  
  160  11:37  Marauder x2  
  164  11:42  Planetary Fortress  
  164  11:44  Missile Turret  
  164  11:46  SCV x2  
  164  11:48  Missile Turret  
  164  11:49  Missile Turret  
  164  11:51  SCV  
  164  11:52  Marine x2  
  164  11:53  Marine  
  164  11:54  Marine, Ghost  
  164  11:56  Marauder  
  164  11:57  Marauder  
  164  12:00  SCV x2  
  164  12:01  Marauder  
  164  12:09  Missile Turret  
  164  12:10  Missile Turret  
  164  12:20  Sensor Tower  
  164  12:21  Supply Depot  
  164  12:22  Marauder x3, Supply Depot, SCV x2  
  172  12:40  Ghost  
  172  12:42  Marine x4, Medivac x2  
  172  12:43  Marine x2, Ghost  
  172  12:44  Marauder, SCV  
  187  12:56  Terran Infantry Weapons Level 3  
  187  12:57  Supply Depot x2  
  187  12:59  Marauder  
  187  13:02  Refinery  
  187  13:03  Refinery, Command Center  
  189  13:14  Marauder x2  
  189  13:15  Marauder  
  189  13:19  Marauder  
  197  13:20  Marine x3  
  197  13:26  Terran Ship Weapons Level 1  
  200  13:27  Starport, Terran Infantry Armor Level 3  
  200  13:31  Starport  
  193  13:34  SCV x2  
  193  13:35  SCV  
  193  13:37  Marine x2  
  155  13:50  Marine  
  155  13:51  Marine x4  
  152  13:57  Marine x4  
  152  13:59  Viking x2  
  145  14:12  Marine x7  
  145  14:15  Marine x2  
  152  14:20  SCV x3  
  152  14:21  SCV  
  152  14:24  Medivac x2  
  158  14:29  Ghost x3, Medivac x2  
  170  14:32  SCV  
  170  14:35  Planetary Fortress  
  171  14:45  Unknown  
  171  14:49  Marauder  
  171  14:50  Marauder  
  175  14:54  Marine x2, Medivac x2  
  175  14:56  Marine x3  
  175  14:58  Marine  
  185  15:04  Missile Turret  
  185  15:08  Medivac x2, Missile Turret  
  185  15:13  Ghost x2  
  188  15:16  Marine x2  
  194  15:23  Nuke  
  194  15:25  Terran Ship Weapons Level 2  
  194  15:32  Marine x4  
  194  15:33  Marauder  
  199  15:51  Command Center  
  199  15:52  Command Center  
  172  16:04  Ghost x3  
  164  16:12  Ghost x2  
  164  16:16  Medivac x4  
  162  16:23  Marine x4  
  162  16:24  Marine x2  
  166  16:33  Marine x2  
  166  16:34  Marauder  
  158  16:41  Marauder, Marine  
  158  16:44  Marine x3  
  158  16:45  Marine  
  147  16:49  Marine x2  
  147  16:50  Ghost  
  147  16:51  Ghost  
  147  16:54  Ghost  
  147  16:58  Ghost  
  147  17:00  Medivac x2  
  152  17:02  Marine, Ghost  
  152  17:03  Marine x3  
  152  17:06  Orbital Command  
  158  17:09  Marine x2  
  156  17:19  Marine, Ghost  
  156  17:20  Marine  
  156  17:21  Marine x3  
  143  17:24  Marauder  
  143  17:27  Marine x2  
  127  17:31  Marauder  
  127  17:36  Marine  
  122  17:37  Marine, Ghost  
  122  17:39  Marine  
  122  17:43  SCV x5  
  121  17:44  Ghost  
  121  17:45  Marauder  
  121  17:48  Marauder  
  121  17:50  Personal Cloaking  
  127  17:55  SCV x3  
  130  17:59  Marine, Ghost  
  130  18:00  Marine x4  
  137  18:06  Ghost  
  139  18:14  Ghost x3, Medivac x2  
  139  18:17  Marine  
  150  18:28  Marauder, Marine x3  
  150  18:29  Marine x2  
  150  18:33  Starport Reactor x2  
  157  18:35  Marauder  
  157  18:39  Planetary Fortress  
  157  18:41  SCV x4  
  162  18:43  Ghost x2  
  162  18:45  Marine x2  
  162  18:46  Marine x3  
  162  18:47  Marine  
  172  19:04  Ghost Academy  
  172  19:05  Ghost  
  172  19:06  Ghost Academy  
  174  19:11  Ghost x2  
  174  19:16  Missile Turret  
  178  19:18  Missile Turret  
  178  19:19  Refinery  
  178  19:22  Refinery  
  178  19:26  SCV x2  
  178  19:27  SCV, Ghost  
  178  19:28  Marine x3, Ghost  
  178  19:30  Marine  
  189  19:37  Nuke x2  
  189  19:52  Ghost x2  
  176  19:53  Marine x4, Ghost  
  176  19:54  Nuke  
  184  20:04  Ghost x2  
  188  20:21  Ghost  
  188  20:22  Orbital Command  
  190  20:35  Nuke x2  
  190  20:36  Ghost  
  190  20:41  Ghost x2  
  190  20:42  Marine  
  195  20:44  Marine x2, Ghost  
  195  20:49  Nuke  
  197  20:57  SCV x3  
  198  21:17  Marine x2  
  196  21:32  Ghost x3  
  164  21:38  Ghost x2  
  164  21:39  Marine x2  
  146  21:41  Marine x3  
  146  21:44  Medivac x3  
  139  21:51  Nuke  
  139  21:52  Marine  
  128  21:57  Marine x2  
  128  21:59  Marine x3  
  128  22:00  Ghost x3  
  139  22:07  Marine, Ghost  
  140  22:10  Marine  
  140  22:15  Marine x2  
  142  22:17  Marine x3  
  144  22:25  Ghost  
  144  22:27  Marine  
  144  22:28  Medivac  
  144  22:29  Marine x2, Ghost, Medivac x2  
  157  22:33  Marine x2  
  157  22:34  Marine  
  157  22:35  Marine x2, Ghost  
  161  22:45  Marine  
  161  22:47  Marine x2  
  161  22:50  Marine  
  161  22:51  Marine  
Show
View Real Time Build Order
Export as new Build Order

Nice Protoss - Winner!

Build Orders: 1 Gate Expand, Phoenix Opening, Carriers, Colossus Rush 

Get SALT Encoding   

  12  0:00  Probe  
  13  0:13  Probe  
  14  0:17  Pylon  
  14  0:24  Probe  
  15  0:32  Probe  
  15  0:37  Gateway  
  15  0:40  Probe  
  16  0:46  Assimilator  
  17  0:51  Probe  
  18  1:03  Probe  
  19  1:15  Probe  
  20  1:23  Nexus  
  20  1:33  Cybernetics Core  
  20  1:40  Assimilator  
  20  1:41  Probe  
  21  1:48  Pylon  
  21  1:53  Probe  
  22  1:59  Adept  
  22  2:05  Probe  
  25  2:16  Stargate  
  25  2:18  Probe  
  25  2:20  Adept  
  28  2:30  Probe  
  28  2:31  Probe  
  28  2:33  Warp Gate  
  30  2:42  Probe x2  
  31  2:49  Adept  
  34  2:53  Probe  
  34  2:54  Probe  
  34  2:55  Phoenix  
  38  3:05  Probe, Pylon  
  38  3:08  Probe  
  40  3:15  Phoenix  
  40  3:18  Probe  
  41  3:20  Probe  
  44  3:30  Probe  
  44  3:32  Probe  
  46  3:41  Phoenix  
  46  3:42  Probe  
  46  3:44  Probe  
  46  3:47  Pylon  
  50  3:54  Probe  
  51  3:56  Probe  
  51  3:57  Assimilator  
  51  3:58  Assimilator  
  51  4:00  Phoenix  
  52  4:06  Probe  
  52  4:08  Probe, Pylon  
  52  4:09  Robotics Facility  
  56  4:18  Probe  
  56  4:20  Probe  
  58  4:27  Gateway  
  58  4:29  Gateway  
  58  4:30  Probe  
  59  4:31  Phoenix  
  59  4:33  Probe  
  62  4:38  Pylon  
  62  4:42  Probe  
  62  4:45  Probe  
  64  4:55  Probe  
  64  4:58  Phoenix, Nexus  
  67  5:01  Probe  
  68  5:07  Probe  
  68  5:11  Immortal, Probe  
  68  5:13  Robotics Bay  
  74  5:15  Probe  
  74  5:19  Probe  
  74  5:20  Shield Battery  
  75  5:23  Probe  
  75  5:27  Probe  
  78  5:40  Pylon  
  78  5:45  Pylon  
  78  5:51  Observer  
  78  5:55  Colossus  
  78  5:58  Forge, Phoenix, Probe x2  
  78  6:00  Extended Thermal Lance  
  83  6:10  Probe x2  
  83  6:11  Probe  
  86  6:13  Assimilator  
  86  6:17  Assimilator  
  92  6:21  Phoenix  
  92  6:22  Pylon, Probe  
  92  6:23  Stargate  
  92  6:25  Sentry, Probe x2  
  98  6:27  Pylon  
  98  6:30  Zealot x2  
  103  6:34  Probe  
  103  6:38  Phoenix  
  104  6:50  Photon Cannon  
  104  6:51  Zealot x2  
  106  7:02  Phoenix  
  106  7:08  Phoenix, Zealot  
  106  7:18  Zealot  
  108  7:23  Assimilator  
  108  7:32  Shield Battery  
  108  7:33  Forge, Shield Battery  
  108  7:35  Pylon  
  108  7:36  Pylon x2  
  108  7:38  Colossus, Pylon  
  108  7:48  Pylon  
  108  7:49  Pylon x2  
  108  7:51  Pylon  
  108  7:53  Phoenix, Observer, Pylon  
  108  7:56  Phoenix  
  116  8:03  Probe x3  
  116  8:04  Protoss Ground Weapons Level 1  
  121  8:08  Sentry  
  121  8:09  Sentry, Zealot  
  121  8:12  Photon Cannon  
  127  8:13  Photon Cannon  
  127  8:15  Pylon  
  127  8:18  Phoenix  
  127  8:19  Phoenix  
  131  8:28  Probe  
  132  8:36  Protoss Air Weapons Level 1  
  132  8:39  Pylon  
  130  8:41  Nexus  
  130  8:42  Stargate  
  130  8:44  Pylon  
  130  8:45  Probe x3  
  133  8:48  Photon Cannon  
  133  8:51  Shield Battery  
  133  8:53  Photon Cannon  
  133  8:56  Phoenix  
  133  8:57  Photon Cannon, Probe x2  
  133  8:59  Phoenix  
  133  9:01  Probe  
  133  9:02  Pylon  
  140  9:11  Probe x2  
  140  9:13  Assimilator, Probe  
  143  9:17  Assimilator  
  143  9:19  Observer  
  143  9:20  Phoenix x2  
  141  9:26  Colossus  
  151  9:34  Fleet Beacon, Probe x3  
  154  9:41  Phoenix  
  154  9:42  Phoenix  
  154  9:46  Probe x2  
  154  9:52  Zealot x3  
  166  9:58  Phoenix  
  164  10:03  Pylon  
  164  10:05  Pylon  
  166  10:07  Pylon  
  166  10:14  Photon Cannon  
  166  10:16  Anion Pulse-Crystals  
  166  10:17  Photon Cannon, Shield Battery  
  166  10:20  Photon Cannon  
  166  10:26  Carrier  
  166  10:36  Carrier  
  178  10:51  Carrier  
  178  10:54  Disruptor  
  178  10:55  Nexus  
  178  10:56  Gravitic Boosters  
  184  10:57  Pylon  
  184  11:01  Unknown  
  184  11:02  Pylon  
  184  11:06  Pylon  
  184  11:08  Pylon  
  184  11:10  Robotics Facility  
  187  11:11  Pylon  
  187  11:14  Pylon  
  187  11:26  Carrier  
  193  11:36  Photon Cannon x2, Disruptor  
  193  11:38  Photon Cannon  
  196  11:40  Photon Cannon  
  196  11:42  Photon Cannon  
  196  11:44  Shield Battery  
  196  11:46  Protoss Air Weapons Level 2  
  196  11:51  Carrier  
  194  12:04  Observer  
  194  12:07  Gravitic Drive  
  200  12:09  Protoss Shields Level 1  
  200  12:19  Gateway  
  200  12:20  Gateway  
  200  12:22  Gateway  
  200  12:27  Gateway  
  200  12:30  Gateway  
  200  12:36  Twilight Council  
  200  12:39  Pylon  
  200  12:41  Pylon  
  200  12:42  Carrier x2  
  186  12:57  Gateway  
  186  12:58  Gateway  
  198  13:01  Pylon  
  198  13:06  Forge  
  198  13:10  Observer x2  
  200  13:17  Photon Cannon  
  200  13:19  Photon Cannon  
  198  13:20  Shield Battery  
  198  13:21  Shield Battery, Pylon  
  198  13:24  Photon Cannon  
  198  13:25  Photon Cannon  
  198  13:31  Shield Battery  
  198  13:33  Pylon  
  194  13:40  Carrier x2  
  192  13:47  Zealot x3  
  192  13:48  Zealot x5  
  195  13:53  Carrier  
  145  14:08  Zealot x8  
  154  14:13  Charge, Protoss Ground Weapons Level 2  
  154  14:14  Probe x4  
  157  14:28  Templar Archives  
  157  14:30  Sentry x2, Protoss Shields Level 2, Pylon  
  157  14:31  Sentry  
  163  14:44  Psionic Storm  
  163  14:49  Nexus  
  163  14:58  Shield Battery  
  163  14:59  Shield Battery  
  163  15:05  High Templar  
  163  15:06  High Templar  
  167  15:11  High Templar x4  
  167  15:12  High Templar  
  177  15:21  High Templar x2  
  179  15:22  High Templar  
  181  15:30  Carrier  
  185  15:48  High Templar  
  185  15:49  High Templar x6  
  181  16:15  Archon  
  175  16:27  Carrier x2  
  175  16:31  Zealot x6  
  199  16:39  Protoss Ground Weapons Level 3  
  195  16:43  Archon x4  
  195  16:44  Archon  
  195  16:46  High Templar x4  
  199  16:49  Observer  
  198  16:55  Warp Prism  
  198  16:56  High Templar x2  
  170  17:31  Carrier x2, Archon x2  
  170  17:35  Observer  
  166  17:39  Archon  
  166  17:45  Carrier  
  172  17:58  Protoss Air Weapons Level 3  
  172  18:07  Nexus  
  172  18:09  Pylon  
  172  18:12  High Templar  
  173  18:14  Pylon  
  173  18:16  Zealot  
  175  18:21  Zealot  
  175  18:24  High Templar x2  
  181  18:30  High Templar  
  183  18:35  Carrier  
  183  18:37  Observer  
  183  18:45  Zealot  
  185  18:50  Pylon  
  185  18:51  Carrier  
  185  18:52  Assimilator  
  191  18:56  Assimilator  
  197  19:13  Protoss Ground Armor Level 1  
  197  19:33  Zealot  
  197  19:37  Dark Shrine  
  191  19:54  Observer  
  184  20:07  Nexus  
  184  20:10  Pylon  
  184  20:11  Photon Cannon  
  184  20:16  Observer x2  
  184  20:18  Photon Cannon  
  184  20:19  Photon Cannon, Pylon  
  186  20:28  Pylon  
  186  20:30  Zealot  
  186  20:31  Assimilator  
  186  20:35  Assimilator  
  157  20:53  Probe x2  
  157  20:54  Probe  
  161  20:58  Pylon, Nexus, Probe x2  
  162  21:09  Probe x3  
  162  21:10  Probe x2  
  166  21:14  Zealot x2  
  170  21:21  Probe  
  166  21:41  Zealot  
  166  21:42  Zealot x9  
  186  21:55  Robotics Facility  
  186  22:07  Stalker x4  
  186  22:08  Stalker x3  
Tags
 
Add a new tag
Caveats
  • Supply blocks, unpowered buildings, or Contaminate may cause inaccurate times.
  • Supply counts are checked every 10 seconds.